 Dungeon Crawl Stone Soup version 0.14-a0-3315-g09e681a (webtiles) character file.

6398 4tharraofdagon the Cleaver (level 10, -1/100 HPs)
             Began as a Troll Berserker on Mar 15, 2014.
             Was a High Priest of Trog.
             Slain by a yak (12 damage)
             ... on Level 10 of the Dungeon.
             The game lasted 00:19:54 (3315 turns).

4tharraofdagon the Cleaver (Troll Berserker)        Turns: 3315, Time: 00:19:54

HP  -1/100       AC 10     Str 30      XL: 10   Next: 62%
MP  11/11        EV 15     Int  3      God: Trog [*****.]
Gold 129         SH  0     Dex 14      Spells:  0 memorised,  9 levels left

rFire  + . .     SeeInvis .     y - +0 war axe
rCold  + . .     Clarity  .     x - +0 robe
rNeg   . . .     Conserve .     (shield restricted)
rPois  +         rCorr    .     s - +1 hat
rElec  +         rRot     .     k - +0 cloak
SustAb . .       Spirit   .     (gloves unavailable)
rMut   .         Warding  .     (boots unavailable)
Gourm  +         Stasis   .     (no amulet)
MR     ++...                    (no ring)
                                i - +3 ring of protection

@: regenerating, exhausted, agile, slowed, very slow, very resistant to hostile
enchantments, stealthy
A: unfitting armour, claws 3, fast metabolism 3, gourmand, regeneration 2,
saprovore 2, shaggy fur 1, tough skin 2
a: Burn Spellbooks, Berserk, Trog's Hand, Brothers in Arms, Renounce Religion


You were on level 10 of the Dungeon.
You worshipped Trog.
Trog was extremely pleased with you.
You were very full.

You visited 1 branch of the dungeon, and saw 10 of its levels.
You also visited: Sewer.

You collected 129 gold pieces.

Inventory:

Hand weapons
 a - a +0,+0 hand axe
 f - a +0,+0 giant spiked club
 n - a +0,+0 giant club
 y - a +0,+0 war axe (weapon)
Missiles
 q - 7 needles of sleeping
 B - 3 tomahawks of returning (quivered)
Armour
 b - a +0 animal skin
 d - a +0 helmet
 k - a +0 cloak (worn)
 s - a +1 hat (worn)
 x - a +0 robe (worn)
Magical devices
 p - a wand of random effects (18)
 w - a wand of slowing (13)
 P - a wand of flame (3)
Comestibles
 c - 4 meat rations
 r - 4 bread rations
 K - a beef jerky
 R - 2 chunks of orc flesh
Scrolls
 e - 2 scrolls of amnesia
 g - a scroll of recharging {unknown}
 t - 3 scrolls of teleportation
 u - a scroll of enchant armour {unknown}
 A - 2 scrolls of blinking
 D - a scroll of noise {unknown}
 F - 3 scrolls of identify
 G - 2 scrolls of fear {unknown}
 I - 2 scrolls of magic mapping {unknown}
 Q - a scroll of random uselessness {unknown}
Jewellery
 i - a +3 ring of protection (left claw)
 L - an uncursed ring of fire
Potions
 h - 9 potions of curing
 j - 2 potions of brilliance
 l - a potion of poison
 m - 2 potions of might
 z - 5 potions of heal wounds
 H - a potion of berserk rage
 J - a potion of flight
 M - 3 potions of lignification
 O - a potion of invisibility {unknown}
Books
 v - a book of the Sky

   Spells                             Type                      Level
   Flight                             Charms/Air                   3
   Airstrike                          Air                          4
   Silence                            Hexes/Air                    5
   Deflect Missiles                   Charms/Air                   6
   Conjure Ball Lightning             Conjuration/Air              6
   Tornado                            Air                          9
   Trog disapproves of the use of such an item.
 E - a book of the Warp

   Spells                             Type                      Level
   Control Teleport                   Charms/Translocation         4
   Phase Shift                        Translocation                5
   Warp Weapon                        Charms/Translocation         5
   Summon Forest                      Summoning/Translocation      5
   Dispersal                          Translocation                6
   Controlled Blink                   Translocation                7
   Disjunction                        Translocation                8
   Trog disapproves of the use of such an item.
 N - a book of Flames

   Spells                             Type                      Level
   Flame Tongue                       Conjuration/Fire             1
   Throw Flame                        Conjuration/Fire             2
   Conjure Flame                      Conjuration/Fire             3
   Inner Flame                        Hexes/Fire                   3
   Sticky Flame                       Conjuration/Fire             4
   Fireball                           Conjuration/Fire             5
   Trog disapproves of the use of such an item.


   Skills:
 + Level 6.8 Fighting
 * Level 9.5 Axes
 + Level 6.2 Armour
 - Level 2.6 Dodging
 + Level 4.2 Evocations


You had 9 spell levels left.
You didn't know any spells.

Dungeon Overview and Level Annotations

Branches:
Dungeon (10/15)            Temple (0/1) D:5
    Orc: D:9-12        Lair: D:8-11

Altars:
Elyvilon

Annotations:
D:3 Sigmund


Innate Abilities, Weirdness & Mutations

You are too large for most types of armour.
You have claws for hands.
Your metabolism is lightning-fast.
You like to eat raw meat.
You heal very quickly.
You can eat rotten meat.
You are covered in fur (AC +1).
You have very tough skin (AC +2).


Message History

The yak is lightly wounded.
The yak gores you!
* * * LOW HITPOINT WARNING * * *
Unknown command.
You hit the yak but do no damage.
The yak is lightly wounded.
The yak gores you.
* * * LOW HITPOINT WARNING * * *
The yak closely misses you.
Unknown command.
Unknown command.
You closely miss the yak.
The yak is lightly wounded.
The yak barely misses you.
Unknown command.
Unknown command.
Use which ability? (? or * to list)
Your ogre goes berserk!
You feel somewhat less full. The yak gores you!
You die...

.......)...........#
..................#
.8....8.....(.....###.
.......................
###..###............#...
.≈..≈ ##................
≈..≈. #.............#...
≈.. #.......O.....#....
#....###@...........
#....# ##Y........#
##....##.........##
##........)%.....###
#..........).......
#........%.........
..<..............
...............$
.......#.......


You could see a yak and a friendly ogre (berserk).

Vanquished Creatures
  The ghost of hunterx7d the Jinx, an experienced SpEn of Ashenzari (D:10)
  2 hill giants (D:10)
  Pikel (D:4)
  Prince Ribbit (D:7)
  A wraith (D:9)
  The ghost of Psiweapon the Ruffian, an average TrMo (Sewer)
  4 yaks (D:10)
  A wyvern (D:8)
  A hippogriff (D:7)
  A sky beast (D:5)
  3 ice beasts
  An orc warrior (D:10)
  4 slaves (D:4)
  6 ogres
  A centaur (D:5)
  Duvessa (D:4)
  Blork the orc (D:5)
  6 giant frogs
  4 big kobolds
  A scorpion (D:5)
  4 crimson imps
  A jelly (D:8)
  Dowan (D:4)
  5 hounds
  6 orc priests
  3 orc wizards
  5 worker ants
  Natasha (twice) (D:4)
  Jessica (D:3)
  A gnoll (D:10)
  4 green rats (Sewer)
  9 adders
  2 giant mites (D:5)
  3 worms
  5 giant geckos
  21 orcs
  4 ball pythons
  9 bats
  7 goblins
  11 hobgoblins
  6 jackals
  31 kobolds
  3 quokkas
  2 giant cockroaches
  A giant gecko skeleton (D:4)
  5 giant newts
  A hobgoblin skeleton (D:4)
  A kobold skeleton (D:8)
  28 rats
  2 ballistomycetes (D:9)
226 creatures vanquished.

Vanquished Creatures (others)
  A giant spore (D:9)
1 creature vanquished.

Grand Total: 227 creatures vanquished

Notes
Turn   | Place    | Note
--------------------------------------------------------------
     0 | D:1      | 4tharraofdagon, the Troll Berserker, began the quest for the Orb.
     0 | D:1      | Reached XP level 1. HP: 22/22 MP: 1/1
    75 | D:1      | Reached XP level 2. HP: 27/29 MP: 1/1
   291 | D:3      | Noticed Jessica
   302 | D:3      | Killed Jessica
   302 | D:3      | Reached skill level 3 in Axes
   302 | D:3      | Reached skill level 1 in Armour
   302 | D:3      | Reached XP level 3. HP: 15/36 MP: 2/2
   424 | D:3      | Acquired Trog's second power
   591 | D:3      | Reached XP level 4. HP: 29/44 MP: 2/2
   637 | D:3      | Noticed Sigmund
   677 | D:4      | Reached XP level 5. HP: 36/53 MP: 2/2
   701 | D:4      | Reached skill level 4 in Axes
   732 | D:4      | Noticed an ogre
   742 | D:4      | Killed an ogre
   869 | D:4      | Noticed an ogre
   877 | D:4      | Killed an ogre
   877 | D:4      | Reached XP level 6. HP: 61/61 MP: 3/3
   930 | D:4      | Noticed a slave
   931 | D:4      | Noticed a slave
   932 | D:4      | Noticed a slave
   932 | D:4      | Noticed a slave
   932 | D:4      | Noticed Pikel
   932 | D:4      | Noticed Natasha
   942 | D:4      | Killed Natasha
   943 | D:4      | Killed a slave
   947 | D:4      | Killed a slave
   955 | D:4      | Killed a slave
   957 | D:4      | Killed a slave
   965 | D:4      | Killed Pikel
   965 | D:4      | Reached skill level 5 in Axes
   965 | D:4      | Reached XP level 7. HP: 48/70 MP: 3/3
  1021 | D:4      | Noticed Natasha
  1031 | D:4      | Killed Natasha
  1091 | D:4      | Noticed Duvessa
  1093 | D:4      | Noticed Dowan
  1100 | D:4      | Killed Dowan
  1107 | D:4      | Killed Duvessa
  1107 | D:4      | Reached skill level 6 in Axes
  1161 | D:5      | Entered Level 5 of the Dungeon
  1170 | D:5      | Reached XP level 8. HP: 79/79 MP: 3/3
  1259 | D:5      | Noticed Blork the orc
  1267 | D:5      | Killed Blork the orc
  1384 | D:5      | Reached skill level 5 in Fighting
  1628 | D:5      | Reached skill level 7 in Axes
  1665 | D:5      | Found a glowing drain.
  1687 | Sewer    | Entered a sewer
  1793 | Sewer    | Noticed Psiweapon's ghost (average TrMo)
  1815 | Sewer    | Reached skill level 1 in Evocations
  1826 | Sewer    | Killed Psiweapon's ghost
  1888 | Sewer    | Acquired Trog's third power
  1893 | Sewer    | Reached XP level 9. HP: 75/88 MP: 5/5
  2234 | D:5      | Found a staircase to the Ecumenical Temple.
  2518 | D:7      | Found a white marble altar of Elyvilon.
  2599 | D:7      | Noticed Prince Ribbit
  2608 | D:7      | Killed Prince Ribbit
  2608 | D:7      | Reached skill level 5 in Armour
  2630 | D:7      | Reached skill level 8 in Axes
  2892 | D:8      | Received a gift from Trog
  3025 | D:9      | Reached XP level 10. HP: 98/98 MP: 9/9
  3138 | D:10     | Entered Level 10 of the Dungeon
  3209 | D:10     | Noticed hunterx7d's ghost (experienced SpEn)
  3253 | D:10     | Killed hunterx7d's ghost
  3253 | D:10     | Reached skill level 9 in Axes
  3284 | D:10     | Noticed a hill giant
  3292 | D:10     | Noticed a hill giant
  3301 | D:10     | Killed a hill giant
  3301 | D:10     | Killed a hill giant
  3301 | D:10     | HP: 5/150 [yak (5)]
  3315 | D:10     | Slain by a yak

Action                   |  1- 3 |  4- 6 |  7- 9 | 10-12 || total
-------------------------+-------+-------+-------+-------++-------
Melee: Hand axe          |    93 |    72 |   124 |       ||   289
       War axe           |       |       |   308 |    57 ||   365
Invok: Berserk           |     3 |     4 |    13 |     2 ||    22
       Trog's Hand       |       |     3 |     3 |     2 ||     8
       Brothers in Arms  |       |       |       |     1 ||     1
Evoke: Wand              |       |     1 |     1 |     1 ||     3
  Use: Scroll            |     8 |     2 |     5 |       ||    15
       Potion            |       |     2 |       |     2 ||     4
